 Dungeon Crawl Stone Soup version 0.23.0 (webtiles) character file.

Game seed: 15775716176793134067

58 Infinimo the Skirmisher (level 4, 0/31 HPs)
             Began as an Octopode Abyssal Knight on Feb 15, 2019.
             Was a Follower of Lugonu.
             Slain by Terence
             ... wielding a +2 falchion of freezing
              (1 damage)
             ... on level 2 of the Dungeon.
             The game lasted 00:01:33 (1654 turns).

Infinimo the Skirmisher (Octopode Abyssal Knight)   Turns: 1654, Time: 00:01:34

Health: 0/31       AC:  1    Str: 12    XL:     4   Next: 1%
Magic:  5/5        EV: 14    Int: 14    God:    Lugonu [*.....]
Gold:   37         SH:  0    Dex: 11    Spells: 3/3 levels left

rFire    . . .     SeeInvis +   d - +0 long sword
rCold    + . .     Gourm    .   (no shield)
rNeg     . . .     Faith    .   (helmet restricted)
rPois    .         Spirit   .   (no amulet)
rElec    .         Reflect  .   e - ring of see invisible
rCorr    .         Harm     .   h - ring of protection from magic
MR       +....                  l - ring of protection from cold
Stlth    ++........             (no ring)
HPRegen  0.10/turn              (no ring)
MPRegen  0.09/turn              (no ring)
                                (no ring)
                                (no ring)

@: no status effects
A: almost no armour, stealthy swim, amphibious, 8 rings, constrict 8, camouflage
1, gelatinous body 1
a: Depart the Abyss, Renounce Religion


You were on level 2 of the Dungeon.
You worshipped Lugonu.
Lugonu was aware of your devotion.
You were not hungry.

You visited 1 branch of the dungeon, and saw 2 of its levels.
You visited the Abyss 1 time.

You collected 37 gold pieces.

Inventory:

Hand Weapons
 d - a +0 long sword (weapon)
Jewellery
 e - a ring of see invisible (left tentacle)
 h - a ring of protection from magic (right tentacle)
 l - a ring of protection from cold (on tentacle)
Scrolls
 c - a scroll of remove curse
 f - a scroll of amnesia {unknown}
 g - 2 scrolls of fear
 m - a scroll of enchant weapon
Potions
 a - 2 potions of mutation {unknown}
 i - a potion of curing {unknown}
 j - a potion of berserk rage {unknown}
 k - a potion of agility {unknown}
Comestibles
 b - 3 rations


   Skills:
 + Level 3.4 Fighting
 * Level 2.9 Long Blades
 + Level 3.0 Dodging
 - Level 2.4 Invocations


You had 3 spell levels left.
You didn't know any spells.
Your spell library was empty.

Dungeon Overview and Level Annotations

Branches:
Dungeon (2/15)

Altars:

Annotations:
D:2 Terence


Innate Abilities, Weirdness & Mutations

You cannot wear most types of armour.
You are very stealthy in the water. (Stealth+)
You are amphibious.
You can wear up to eight rings at the same time.
You can use your tentacles to constrict eight enemies at once.
Your skin changes colour to match your surroundings (Stealth+).
Your rubbery body absorbs attacks. (AC +1, EV +1)


Message History

Terence is heavily wounded.
You constrict Terence, but do no damage.
Terence misses you.
You hit Terence.
Terence is heavily wounded.
You constrict Terence.
Terence hits you with a +2 falchion of freezing.
Terence freezes you.
* * * LOW HITPOINT WARNING * * *
You hit Terence but do no damage.
Terence is severely wounded.
You constrict Terence, but do no damage.
Terence barely misses you.
You hit Terence but do no damage.
Terence is severely wounded.
You constrict Terence.
Terence hits you with a +2 falchion of freezing!
* * * LOW HITPOINT WARNING * * *
Terence freezes you.
You die...

##.###...###.####...#
#............####...#
#....................
#...................#
#...........###.#...#
#...........# #.#...#
#...........# #.#...#
#########...#### #.#...#
.......@@g..######.#....
#########.#...).........
.........#####........
......#..# #........
##.......# #........
......r..# #........
##.......# ######.#.
###..<... #.#. #......
#.#.


You could see Terence and a goblin.

Vanquished Creatures
  An adder (D:2)
  A worm (D:2)
  A dart slug (D:1)
  4 bats
  A giant cockroach (D:2)
  8 goblins
  8 hobgoblins
  4 jackals (D:1)
  A quokka (D:2)
  7 kobolds
  A rat (D:1)
37 creatures vanquished.

Notes
Turn   | Place    | Note
-------+----------+-------------------------------------------
     0 | Abyss:1  | Infinimo the Octopode Abyssal Knight began the quest for
                  | the Orb.
     0 | Abyss:1  | Reached XP level 1. HP: 16/16 MP: 2/2
     0 | D:1      | Escaped the Abyss
    63 | D:1      | Reached XP level 2. HP: 17/21 MP: 3/3
   526 | D:1      | Reached * piety under Lugonu
   643 | D:1      | Reached XP level 3. HP: 26/26 MP: 4/4
  1614 | D:2      | Reached XP level 4. HP: 28/31 MP: 5/5
  1638 | D:2      | Noticed Terence
  1654 | D:2      | HP: 1/31 [Terence/+2 falchion of freezing (9)]
  1654 | D:2      | Slain by Terence

Skill      XL: |  1  2  3 |
---------------+----------+-----
Dodging        | 3 |  3.0
Fighting       | |  3.4
Long Blades    | |  2.9
Invocations    | |  2.4

Action                   |  1- 3 |  4- 6 || total
-------------------------+-------+-------++-------
Melee: Falchion          |    40 |       ||    40
       Tentacles         |     9 |     2 ||    11
       Constrict         |    18 |     1 ||    19
       Long sword        |    14 |     9 ||    23
Invok: Depart the Abyss  |     1 |       ||     1
  Use: Scroll            |     5 |       ||     5
 Stab: Sleeping          |     8 |       ||     8
  Eat: Chunk             |     2 |       ||     2
Armor: Skin              |    13 |       ||    13
Dodge: Dodged            |    38 |     7 ||    45
       Rpst.: Falchion   |    11 |       ||    11
       Long sword        |     3 |     1 ||     4
